 Dungeon Crawl Stone Soup version 0.31-a0-7-g51783674b7 (webtiles) character file.

Game seed: 7369340100491863769

259 mopl the Sneak (level 6, -3/41 HPs)
             Began as an Octopode Brigand on May 5, 2023.
             Slain by an orc
             ... wielding a +0 hand axe
              (5 damage)
             ... on level 4 of the Dungeon.
             The game lasted 00:06:18 (3223 turns).

mopl the Sneak (Octopode Brigand)                   Turns: 3223, Time: 00:06:18

Health: -3/41      AC:  1    Str: 10    XL:     6   Next: 17%
Magic:  5/10       EV: 13    Int: 15    God:
Gold:   170        SH:  0    Dex: 14    Spells: 6/10 levels left

rFire   . . .        a - +0 dagger (venom)
rCold   . . .        (no shield)
rNeg    . . .        (helmet restricted)
rPois   .            (no amulet)
rElec   .            d - ring of wizardry
rCorr   .            k - ring of flight
SInv    .            (no ring)
Will    .....        (no ring)
Stlth   ++++         (no ring)
HPRegen 0.26/turn    (no ring)
MPRegen 0.12/turn    (no ring)
                     (no ring)

%: wizardry (x1)
@: flying
A: almost no armour, amphibious, 8 rings, camouflage 1, gelatinous body 1,
(nimble swimmer 1), tentacles
a: no special abilities


You were on level 4 of the Dungeon.
You visited 1 branch of the dungeon, and saw 4 of its levels.
You also visited: Ossuary.

You collected 170 gold pieces.

Inventory:

Hand Weapons
 a - a +0 dagger of venom (weapon)
 b - a +2 dagger
 w - a +0 short sword of holy wrath
Missiles
 c - 6 curare-tipped darts
 s - 9 poisoned darts (quivered)
Jewellery
 d - a ring of wizardry (left tentacle)
 k - a ring of flight (right tentacle)
Scrolls
 f - 3 scrolls of magic mapping {unknown}
 h - 3 scrolls of identify {unknown}
 l - a scroll of noise {unknown}
 m - 2 scrolls of fear {unknown}
 o - 2 scrolls of amnesia {unknown}
 p - 2 scrolls of fog {unknown}
 q - 4 scrolls of teleportation {unknown}
 r - 2 scrolls of immolation {unknown}
 t - a scroll of enchant armour {unknown}
 v - a scroll of enchant weapon {unknown}
Potions
 e - 4 potions of mutation {unknown}
 g - a potion of might {unknown}
 i - a potion of haste {unknown}
 j - a potion of resistance {unknown}
 n - 4 potions of lignification {unknown}
 u - a potion of heal wounds {unknown}


   Skills:
 + Level 2.4 Fighting
 - Level 2.3 Short Blades
 - Level 2.4 Throwing
 + Level 1.4 Dodging
 + Level 7.0 Stealth
 * Level 2.6 Spellcasting
 * Level 2.8 Poison Magic


You had 6 spell levels left.
You knew the following spells:

 Your Spells              Type           Power      Damage    Failure   Level
o - Olgreb's Toxic Radia  Pois           10%        N/A       26%         4

Your spell library contained the following spells:

 Spells                   Type           Power      Damage    Failure   Level
 Sting                    Tmut/Pois      24%        1d4       4%          1
 Poisonous Vapours        Pois/Air       12%        N/A       7%          2
 Freeze                   Ice            4%         1d3       9%          1
 Lesser Beckoning         Tloc           2%         N/A       13%         2
 Frozen Ramparts          Ice            2%         1d1       26%         3
 Gell's Gravitas          Tloc           1%         N/A       26%         3
 Hailstorm                Conj/Ice       1%         3d3       26%         3
 Teleport Other           Tloc           1%         N/A       26%         3


Dungeon Overview and Level Annotations

Branches:
Dungeon (4/15)            Ossuary (visited)
 Temple: D:4-7

Altars:
Hepliaklqana


Innate Abilities, Weirdness & Mutations

You cannot wear most types of armour.
You are amphibious.
You can wear up to eight rings at the same time.
Your skin changes colour to match your surroundings (Stealth+).
Your rubbery body absorbs attacks. (AC +1, EV +1)
((You are camouflaged when in or above water. (Stealth+)))
You have tentacles for arms and can constrict up to eight enemies at once.


Message History

You kill the orc!
The orc looks even sicker. x2
An orc comes into view. It is wielding a +0 hand axe.
The orc looks even sicker.
The worm looks even sicker.
You feel a bit more experienced.
You kill the orc!
You kill the orc!
Your toxic aura wanes.
The worm bites you but does no damage.
You hit the worm.
The worm looks as sick as possible!
You grab the worm.
The worm is almost dead.
You constrict the worm.
You kill the worm!
No target in view!
No target in view!
Things that are here:
a +0 dagger; a worm corpse; an orc corpse An orc priest comes into view.
It is wielding a +0 flail.
Found 5 stones.
A black bear comes into view.
The orc shouts!
The orc priest shouts!
The orc barely misses you.
You closely miss the orc. Your grab misses the orc.
The orc hits you with a +0 hand axe. The orc attacks as you move away!
The orc hits you with a +0 hand axe. The orc attacks as you move away!
The orc hits you but does no damage. The orc attacks as you move away!
The orc hits you with a +0 hand axe.
The orc priest invokes the aid of Beogh against you.
Beogh smites you! The orc attacks as you move away!
The orc hits you with a +0 hand axe.
* * * LOW HITPOINT WARNING * * *
Things that are here:
a +0 dagger; 3 stones The orc attacks as you move away!
The orc closely misses you. The orc attacks as you move away!
The orc barely misses you.
The orc priest calls down the wrath of Beogh upon you.
Beogh smites you!
* * * LOW HITPOINT WARNING * * *
The orc attacks as you move away! The orc hits you with a +0 hand axe.
You die...

#.......# .. #.##...#.#
###### ..# # #...#... ....
(.# #. ##.######## ####..
..# #.##.........
....#####..# #.....######
#.........#
####...##########...##...###
#........o...o...)....'..
#...)...@#####.####).)###
#..#<###.# #....o.o.)....
######..##....#
#.....####.###
#...##..##....###.....# .#
#...##..##.....##.....# .#
#........#####.##...... .#
##.......# #..#.....(# ##
#.......# ##.#......#
####.......######..##+#..#


You could see an orc priest and an orc.

Vanquished Creatures
  An orc priest (D:4)
  An orc wizard (D:4)
  A mummy (Ossuary)
  Robin (D:2)
  3 adders (D:2)
  5 worms
  A dart slug (D:3)
  6 orcs (D:4)
  4 spectral bats (Ossuary)
  7 ball pythons
  7 endoplasms
  4 giant cockroaches
  12 gnoll zombies (Ossuary)
  13 goblins
  9 hobgoblins
  8 kobolds
  3 quokkas
  5 bats
  7 bat simulacra (Ossuary)
  4 frilled lizards
  5 goblin zombies (Ossuary)
  4 hobgoblin zombies (Ossuary)
  2 kobold simulacra (Ossuary)
  5 kobold zombies (Ossuary)
  4 orc zombies (Ossuary)
  6 rats
  4 rat simulacra (Ossuary)
  2 spectral goblins (Ossuary)
  3 spectral kobolds (Ossuary)
  A spectral rat (Ossuary)
138 creatures vanquished.

Vanquished Creatures (others)
  A fungus (D:2)
  3 plants (D:2)
4 creatures vanquished.

Grand Total: 142 creatures vanquished

Notes
Turn   | Place    | Note
-------+----------+-------------------------------------------
     0 | D:1      | mopl the Octopode Brigand began the quest for the Orb.
     0 | D:1      | Reached XP level 1. HP: 14/14 MP: 1/1
    54 | D:1      | Reached XP level 2. HP: 8/19 MP: 2/2
   640 | D:1      | Reached XP level 3. HP: 24/24 MP: 3/3
   828 | D:2      | Reached skill level 6 in Stealth
   828 | D:2      | Reached skill level 1 in Spellcasting
   872 | D:2      | Found a hazy altar of Hepliaklqana.
   972 | D:2      | Identified the +1 robe of Vuesemosk {rF+ Str+2 Dex-2}
   990 | D:2      | Reached XP level 4. HP: 28/29 MP: 6/6
   995 | D:2      | Learned a level 4 spell: Olgreb's Toxic Radiance
  1098 | D:2      | Found a faded altar of an unknown god.
  1450 | D:3      | Noticed Robin
  1555 | D:2      | Killed Robin
  1556 | D:2      | Reached skill level 1 in Poison Magic
  1720 | D:3      | Reached skill level 2 in Spellcasting
  1882 | D:3      | Reached XP level 5. HP: 34/34 MP: 8/8
  2361 | D:4      | Found a sand-covered staircase.
  2369 | Ossuary  | Entered an ossuary
  2504 | Ossuary  | Reached skill level 2 in Poison Magic
  3184 | D:4      | Reached skill level 7 in Stealth
  3184 | D:4      | Reached XP level 6. HP: 40/40 MP: 4/9
  3209 | D:4      | Noticed a black bear
  3222 | D:4      | HP: 2/41 [orc priest/divine providence (10)]
  3223 | D:4      | Slain by an orc

Illustrated notes

Levels and vault maps discovered:
D:1:      nicolae_arrival_memento_mori, layout_basic
D:2:      layout_rooms, shapermc_ecumenical_altar_mp_urbaneastern, basic_altar,
          grunt_ministairs_2, minmay_misc_feat_tiny
D:3:      layout_loops_ring, uniq_robin
D:4:      layout_basic, nicolae_overflow_hidden_temple, demons_altar,
          minmay_temple_entry_mini_moons, nicolae_ossuary_entry_monument

Skill      XL: |  1  2  3  4  5 |
---------------+----------------+-----
Stealth        | 6 7 |  7.0
Spellcasting   | 1 2 |  2.6
Poison Magic   | 1 2 |  2.8
Fighting       | |  2.4
Short Blades   | |  2.3
Throwing       | |  2.4
Dodging        | |  1.4

Action                     |  1- 3 |  4- 6 || total
---------------------------+-------+-------++-------
  Melee: Dagger            |    72 |   176 ||   248
         Constrict         |    13 |    38 ||    51
         Tentacles         |    10 |    36 ||    46
         Punch             |     1 |     2 ||     3
  Throw: Dart              |       |     3 ||     3
   Cast: Olgreb's Toxic Ra |       |     4 ||     4
   Stab: Sleeping          |    11 |    36 ||    47
 Armour: Skin              |     4 |     8 ||    12
  Dodge: Dodged            |    31 |    80 ||   111

Table legend: (Time is in decaauts)
 A = Elapsed time spent in this place.
 B = Non-inter-level travel time spent in this place.
 C = Inter-level travel time spent in this place.
 D = Time resting spent in this place.
 E = Time spent auto-exploring this place.
 F = Levels seen in this place.
 G = Mean time per level.
                   A        B        C        D        E       F      G
               +--------+--------+--------+--------+--------+-----+--------+
         Total |   3193 |   3070 |    123 |    552 |   1569 |   5 |  638.6 |
       Dungeon |   2650 |   2527 |    123 |    440 |   1491 |   4 |  662.5 |
       Ossuary |    543 |    543 |      0 |    112 |     78 |   1 |  543.0 |
               +--------+--------+--------+--------+--------+-----+--------+

Top non-repeatable levels by time:
     D:3: 823 daAuts
     D:1: 800 daAuts
     D:2: 772 daAuts
 Ossuary: 543 daAuts
     D:4: 254 daAuts
